 Dungeon Crawl Stone Soup version 0.21-b1-23-g1fb0a74c36 (webtiles) character file.

1840 shotgun1337 the Fighter (level 8, 0/78 HPs)
             Began as a Minotaur Fighter on Jan 5, 2018.
             Was an Initiate of Gozag.
             Slain by a two-headed ogre
             ... wielding a +0 giant spiked club
              (21 damage)
             ... on level 7 of the Dungeon.
             The game lasted 00:26:35 (5172 turns).

shotgun1337 the Fighter (Minotaur Fighter)          Turns: 5172, Time: 00:26:38

Health: 0/78       AC: 12    Str: 27    XL:     8   Next: 87%
Magic:  7/7        EV:  7    Int:  5    God:    Gozag
Gold:   398        SH:  0    Dex: 10    Spells: 7/7 levels left

rFire    . . .     SeeInvis .   z - +2 glaive (venom)
rCold    . . .     Gourm    .   (shield currently unavailable)
rNeg     . . .     Faith    .   t - +0 plate armour {123}
rPois    +         Spirit   .   (helmet restricted)
rElec    .         Reflect  .   (no cloak)
rCorr    .         Harm     .   (no gloves)
MR       .....                  n - +0 pair of boots
Stlth    ..........             (no amulet)
HPRegen  0.23/turn              g - +4 ring of strength
MPRegen  0.10/turn              b - ring of poison resistance

@: no status effects
A: retaliatory headbutt, horns 2
a: Potion Petition, Call Merchant, Bribe Branch, Renounce Religion


You were on level 7 of the Dungeon.
You worshipped Gozag.
Gozag was aware of your devotion.
You were not hungry.

You visited 1 branch of the dungeon, and saw 7 of its levels.

You collected 421 gold pieces.
You paid 23 gold pieces to Gozag.

Inventory:

Hand Weapons
 a - a +0 long sword
 z - a +2 glaive of venom (weapon)
Armour
 c - a +0 shield
 n - a +0 pair of boots (worn)
 t - a +0 plate armour (worn) {123}
Jewellery
 b - a ring of poison resistance (right hand)
 g - a +4 ring of strength (left hand)
 q - a +6 ring of intelligence
 x - an uncursed ring of resist corrosion
 D - a cursed ring of magical power
Wands
 l - a wand of acid (4)
 y - a wand of flame (7)
 C - a wand of iceblast (7)
 E - a wand of polymorph (15)
 G - a wand of enslavement (12)
Scrolls
 e - 4 scrolls of amnesia
 h - a scroll of immolation
 k - 2 scrolls of identify
 o - a scroll of fear {unknown}
 r - 2 scrolls of blinking {unknown}
 s - 3 scrolls of enchant armour {unknown}
 v - a scroll of random uselessness {unknown}
 w - 4 scrolls of remove curse
 F - 2 scrolls of noise {unknown}
Potions
 d - a potion of might
 i - 4 potions of curing {unknown}
 j - a potion of magic {unknown}
 m - a potion of lignification {unknown}
 p - a potion of heal wounds {unknown}
 u - 2 potions of resistance {unknown}
 A - a potion of degeneration {unknown}
 B - a potion of invisibility {unknown}
Comestibles
 f - 7 rations


   Skills:
 + Level 9.0(5.0) Fighting
 - Level 6.4(3.2) Long Blades
 * Level 4.5(2.2) Polearms
 + Level 6.9(3.4) Armour
 * Level 3.2(1.6) Dodging
 + Level 1.2(0.6) Stealth
 - Level 4.5(2.2) Shields


You had 7 spell levels left.
You didn't know any spells.

Dungeon Overview and Level Annotations

Branches:
Dungeon (7/15)             Temple (0/1) D:4

Altars:
Ashenzari
Gozag
Makhleb
Nemelex Xobeh
Okawaru
Qazlal
Sif Muna
Xom

Annotations:
D:5 Sigmund


Innate Abilities, Weirdness & Mutations

You reflexively headbutt those who attack you in melee.
You have a pair of horns on your head.


Message History

You are engulfed in flames.
You closely miss the lava snake. Your headbutt misses the lava snake.
The lava snake bites you but does no damage. x2
You miss the lava snake. The lava snake closely misses you.
You slash the lava snake!
You kill the lava snake!
You now have 398 gold pieces (gained 7).
You open the door.
There is an open door here.
A two-headed ogre comes into view.
It is wielding a giant spiked club and a giant club.
The two-headed ogre shouts in stereo!
The two-headed ogre hits you with a giant spiked club.
The two-headed ogre hits you with a giant club!
You slash the two-headed ogre! You headbutt the two-headed ogre.
The two-headed ogre is moderately wounded.
The two-headed ogre hits you with a giant spiked club!!
* * * LOW HITPOINT WARNING * * *
The two-headed ogre hits you with a giant club!!
You die...
Your body crumbles into a pile of gold.

.........# #.#
...#####.# #.#
#.# #.# #.# #.#
...#####.# #.#
#.# .........#
#.# #.#
..######.###.#
#.# ............#
#.# #####.#.#####
#O#
........#######@#
#####...........#
###########.# ###


You could see a two-headed ogre.

Vanquished Creatures
  Pikel (D:5)
  The ghost of Esekla the Grasshopper, an amateur SpWn (D:3)
  A black bear (D:2)
  2 sky beasts (D:4)
  2 ogres (D:4)
  A slave (D:5)
  Blork the orc (D:5)
  2 bullfrogs (D:6)
  A scorpion (D:6)
  A lava snake (D:7)
  A crimson imp (D:7)
  A centaur skeleton (D:4)
  3 hounds
  An orc wizard (D:4)
  3 worker ants
  2 iguanas
  3 hound skeletons
  8 adders
  A howler monkey skeleton (D:6)
  2 oozes
  3 worms
  3 dart slugs (D:1)
  6 leopard geckos
  6 orcs
  6 giant cockroaches
  10 hobgoblins
  2 jackals (D:2)
  4 quokkas
  4 ball pythons
  2 bats
  2 frilled lizards
  7 goblins
  A jackal skeleton (D:4)
  A jackal zombie (D:7)
  6 kobolds
  3 rats (D:1)
104 creatures vanquished.

Vanquished Creatures (others)
  The ghost of turnburgler the Chopper, an amateur MiFi (D:4)
1 creature vanquished.

Grand Total: 105 creatures vanquished

Notes
Turn   | Place    | Note
-------+----------+-------------------------------------------
     0 | D:1      | shotgun1337 the Minotaur Fighter began the quest for the Orb.
     0 | D:1      | Reached XP level 1. HP: 19/19 MP: 0/0
    31 | D:1      | Reached skill level 4 in Fighting
   166 | D:1      | Reached XP level 2. HP: 27/27 MP: 1/1
   668 | D:1      | Reached XP level 3. HP: 34/34 MP: 2/2
  1149 | D:2      | Reached skill level 5 in Fighting
  1322 | D:2      | Reached XP level 4. HP: 42/42 MP: 3/3
  1387 | D:2      | Found an opulent altar of Gozag.
  1396 | D:2      | Became a worshipper of Gozag Ym Sagoz the Greedy
  1475 | D:2      | Noticed a black bear
  1489 | D:2      | Killed a black bear
  1489 | D:2      | Reached skill level 1 in Dodging
  1489 | D:2      | Reached XP level 5. HP: 45/50 MP: 4/4
  1797 | D:3      | Found a faded altar of an unknown god.
  1820 | D:3      | Fell from the grace of Gozag
  1820 | D:3      | Became a worshipper of Ashenzari the Shackled
  1820 | D:3      | Reached * piety under Ashenzari
  1935 | D:3      | Reached skill level 6 in Fighting
  1949 | D:3      | Noticed Esekla's ghost (amateur SpWn)
  1963 | D:3      | Killed Esekla's ghost
  1963 | D:3      | Reached XP level 6. HP: 40/58 MP: 5/5
  2055 | D:3      | Found an iron altar of Okawaru.
  2515 | D:4      | Found a sparkling altar of Nemelex Xobeh.
  2707 | D:4      | Paralysed by fainting for 5 turns
  2787 | D:4      | Was forgiven by Gozag
  3308 | D:4      | Noticed a sky beast
  3353 | D:4      | Killed a sky beast
  3353 | D:4      | Reached skill level 7 in Fighting
  3353 | D:4      | Reached skill level 5 in Long Blades
  3353 | D:4      | Reached XP level 7. HP: 45/66 MP: 6/6
  3394 | D:4      | Killed turnburgler's ghost
  3541 | D:4      | Found a staircase to the Ecumenical Temple.
  3619 | D:4      | Reached skill level 5 in Armour
  3653 | D:4      | Found a shimmering altar of Xom.
  3821 | D:5      | Entered Level 5 of the Dungeon
  3829 | D:5      | Noticed Blork the orc
  3841 | D:5      | Killed Blork the orc
  4069 | D:5      | Reached ** piety under Ashenzari
  4170 | D:5      | Noticed Pikel
  4190 | D:5      | Killed Pikel
  4190 | D:5      | Reached skill level 8 in Fighting
  4190 | D:5      | Reached skill level 1 in Polearms
  4190 | D:5      | Reached skill level 1 in Stealth
  4190 | D:5      | Reached XP level 8. HP: 54/77 MP: 7/7
  4414 | D:5      | Found a faded altar of an unknown god.
  4414 | D:5      | Found a deep blue altar of Sif Muna.
  4419 | D:5      | Found a stormy altar of Qazlal.
  4430 | D:5      | Found a burning altar of Makhleb.
  4432 | D:5      | Found a faded altar of an unknown god.
  4450 | D:5      | Fell from the grace of Ashenzari
  4450 | D:5      | Became a worshipper of Gozag Ym Sagoz the Greedy
  4475 | D:5      | Noticed Sigmund
  4700 | D:6      | Reached skill level 9 in Fighting
  5169 | D:7      | Noticed a two-headed ogre
  5172 | D:7      | Slain by a two-headed ogre

Skill      XL: |  1  2  3  4  5  6  7  8 |
---------------+-------------------------+-----
Fighting       | 4 5 6 7 8 9 |  9.0
Shields        | 4 |  4.5
Long Blades    | 3 4 5 6 |  6.4
Dodging        | 1 2 3 |  3.2
Armour         | 4 6 |  6.9
Polearms       | 1 4 |  4.5
Stealth        | 1 |  1.2

Action                   |  1- 3 |  4- 6 |  7- 9 || total
-------------------------+-------+-------+-------++-------
Melee: Long sword        |    74 |   165 |    35 ||   274
       Headbutt          |     6 |    34 |    21 ||    61
       Glaive            |       |       |    63 ||    63
  Use: Scroll            |       |       |     5 ||     5
  Eat: Ration            |       |     2 |     2 ||     4
       Chunk             |       |       |     2 ||     2
Armor: Scale mail        |    47 |    30 |       ||    77
       Plate armour      |       |    62 |    76 ||   138
Dodge: Dodged            |    27 |    50 |    44 ||   121
Block: Shield            |    69 |   110 |    15 ||   194
       Rpst.: Long sword |     5 |    14 |     4 ||    23
